 Dungeon Crawl Stone Soup version 0.28-a0-751-gef3a642a4e (webtiles) character file.

Game seed: 12712519190148101624

11854 bande the Cleaver (level 11, 0/67 HPs)
             Began as a Gargoyle Fighter on Oct 30, 2021.
             Was a High Priest of Okawaru.
             Slain by a skeletal warrior (13 damage)
             ... led by a skeletal warrior
             ... on level 9 of the Dungeon on Oct 31, 2021.
             The game lasted 00:26:45 (16335 turns).

bande the Cleaver (Gargoyle Fighter)               Turns: 16335, Time: 00:26:46

Health: 0/67       AC: 31    Str: 21    XL:     11   Next: 84%
Magic:  15/15      EV:  6    Int:  9    God:    Okawaru [*****.]
Gold:   565        SH: 11    Dex: 11    Spells: 10/10 levels left

rFire   + . .      SeeInvis .   a - +1 war axe
rCold   . . .      Faith    .   c - +0 buckler
rNeg    + . .      Spirit   .   E - +0 plate armour
rPois   ∞          Reflect  +   A - +0 helmet
rElec   +          Harm     .   i - +0 cloak
rCorr   .          Rampage  .   (no gloves)
Will    .....      Rage     1%  g - +1 pair of boots
Stlth   ..........              C - amulet of reflection
HPRegen 0.21/turn               e - +4 ring of protection
MPRegen 0.14/turn               (no ring)

@: no status effects
A: sickness immunity, AC +8, negative energy resistance 1, electricity
resistance, torment resistance 1, petrification resistance, berserk 1, fire
resistance 1, shaggy fur 1
a: Renounce Religion, Heroism, Finesse, Duel


You were on level 9 of the Dungeon.
You worshipped Okawaru.
Okawaru was extremely pleased with you.
You visited 2 branches of the dungeon, and saw 11 of its levels.
You also visited: Sewer and Bailey.

You collected 565 gold pieces.

Inventory:

Hand Weapons
 a - a +1 war axe (weapon)
 u - a +0 war axe
 x - a +0 flail of protection
Armour
 c - a +0 buckler (worn)
 g - a +1 pair of boots (worn)
 i - a +0 cloak (worn)
 A - a +0 helmet (worn)
 E - a +0 plate armour (worn)
Jewellery
 e - a +4 ring of protection (left hand)
 B - a ring of wizardry
 C - an amulet of reflection (around neck)
 G - a +6 ring of dexterity
 H - an amulet of guardian spirit
Wands
 l - a wand of digging (8)
 n - a wand of paralysis (4)
 w - a wand of flame (27)
 D - a wand of iceblast (7)
 I - a wand of acid (9)
Scrolls
 b - a scroll of enchant armour
 m - 3 scrolls of enchant weapon
 q - a scroll of acquirement {unknown}
 r - a scroll of teleportation
 y - a scroll of amnesia
Potions
 d - a potion of mutation
 f - a potion of flight {unknown}
 h - 3 potions of brilliance
 j - a potion of berserk rage {unknown}
 k - 5 potions of curing
 o - a potion of resistance
 p - a potion of invisibility
 s - a potion of lignification {unknown}
 t - a potion of heal wounds
 v - 3 potions of cancellation {unknown}
 z - 2 potions of magic {unknown}
Miscellaneous
 F - a phial of floods


   Skills:
 + Level 7.0 Fighting
 + Level 11.9 Axes
 + Level 7.9 Armour
 + Level 11.0 Shields
 * Level 5.5 Invocations
 * Level 4.5 Evocations


You had 10 spell levels left.
You didn't know any spells.
Your spell library contained the following spells:

 Spells                   Type           Power      Damage    Failure   Level
 Frozen Ramparts          Ice            0%         1d2       100%        3
 Ozocubu's Armour         Ice            0%         N/A       100%        3
 Ice Form                 Ice/Tmut       0%         N/A       100%        4
 Ozocubu's Refrigeration  Ice            0%         4d5       100%        7
 Summon Ice Beast         Ice/Summ       Unusable   N/A       N/A         4

Dungeon Overview and Level Annotations

Branches:
Dungeon (10/15)            Temple (1/1) D:5            Lair (0/6) D:8
  Sewer (visited)          Bailey (visited)
    Orc: D:9-12

Altars:
Ashenzari
Cheibriados
Elyvilon
Fedhas
Gozag
Kikubaaqudgha
Makhleb
Nemelex Xobeh
Okawaru
Qazlal
Ru
Sif Muna
Uskayaw
Xom
Yredelemnul
Zin
The Shining One

Shops:
D:4 ?[=?*   D:8 (


Innate Abilities, Weirdness & Mutations

You are immune to sickness and miasma.
Your stone body is resilient. (AC +8)
You are immune to poison.
You resist negative energy. (rN+)
You are resistant to electric shocks. (rElec)
You are resistant to unholy torment.
You are immune to petrification.
You tend to lose your temper in combat.
Your flesh is heat resistant. (rF+)
You are covered in fur. (AC +1)


Message History

The skeletal warrior is heavily damaged.
You hit the skeletal warrior.
You block the skeletal warrior's attack. x2
The skeletal warrior hits you but does no damage.
The skeletal warrior hits you with a +0 mace.
There is a stone staircase leading up here.
The skeletal warrior hits you from afar with a +0 halberd!
The skeletal warrior hits you with a +0 mace!
You climb upwards.
There is a stone staircase leading down here.
Things that are here:
a +0 robe; a +0 hand axe You slash the skeletal warrior!
The skeletal warrior is moderately damaged.
You block the skeletal warrior's attack.
You closely miss the skeletal warrior.
The skeletal warrior is moderately damaged.
You hit the skeletal warrior but do no damage.
The skeletal warrior is moderately damaged.
The skeletal warrior hits you but does no damage.
You hit the skeletal warrior but do no damage.
The skeletal warrior is moderately damaged.
You block the skeletal warrior's attack.
You hit the skeletal warrior.
The skeletal warrior is moderately damaged.
The skeletal warrior hits you but does no damage.
You closely miss the skeletal warrior.
The skeletal warrior is moderately damaged.
The skeletal warrior hits you with a +0 mace.
You barely miss the skeletal warrior.
The skeletal warrior is moderately damaged.
The skeletal warrior hits you with a +0 mace!
* * * LOW HITPOINT WARNING * * *
You hit the skeletal warrior but do no damage.
The skeletal warrior is moderately damaged.
You block the skeletal warrior's attack.
You hit the skeletal warrior but do no damage.
The skeletal warrior is moderately damaged.
The skeletal warrior hits you with a +0 mace!
You die...

####.#....................# #
#.##...###.........#...# #
#........##.######.##..# #
#............# #.##..#######
#........##..# #............
#.##...####..#####.##........#
####.##...# #......).#######...#
.....##.### ###)####.# ###...#
..##.##.# #@# #.# #.....#
..##.##.########z# #.# #.##..#
..#...........##.# #.# #.#.>..
#.#.###.##†##.##.# #.# #.#..##
#.#.# #.##.##.##.####.### #.#..##
#.#.###.##.##<##........###.#..##
#.......##.##.#######............
#...######.##.# ######.##..##
....# #.##.# #.##..##


You could see a skeletal warrior.

Vanquished Creatures
  A two-headed ogre (D:9)
  3 skeletal warriors (D:9)
  An ugly thing (D:8)
  Prince Ribbit (D:7)
  2 hornets
  11 yaks (D:9)
  2 wyverns
  A basilisk (D:8)
  A wraith (D:10)
  Eustachio (D:4)
  2 steam dragons (D:8)
  4 water moccasins
  2 orc warriors
  3 black bears
  An ice beast (D:6)
  A necrophage (D:7)
  3 wolves
  6 centaurs
  2 phantoms
  4 bullfrogs
  4 kobold brigands
  3 scorpions
  2 water moccasin skeletons (D:6)
  5 wights (D:8)
  7 howler monkeys
  2 centaur zombies (D:8)
  2 hounds
  2 gnoll shamans
  A bullfrog skeleton (D:6)
  6 orc priests
  Crazy Yiuf (D:5)
  A centaur skeleton (D:7)
  7 iguanas
  7 orc wizards
  A hound zombie (D:5)
  24 gnolls
  A river rat (D:5)
  An adder (Sewer)
  An ufetubus (D:2)
  2 worms (D:2)
  3 dart slugs
  35 orcs
  5 ball pythons
  4 endoplasms
  7 giant cockroaches
  14 goblins
  18 hobgoblins
  2 jackals (D:1)
  33 kobolds
  8 quokkas
  3 bats (D:1)
  6 frilled lizards
  7 rats
277 creatures vanquished.

Vanquished Creatures (others)
  A kobold (D:6)
  3 fungi (D:8)
  16 plants
20 creatures vanquished.

Grand Total: 297 creatures vanquished

Notes
Turn   | Place    | Note
-------+----------+-------------------------------------------
     0 | D:1      | bande the Gargoyle Fighter began the quest for the Orb.
     0 | D:1      | Reached XP level 1. HP: 14/14 MP: 1/1
   258 | D:1      | Reached XP level 2. HP: 18/19 MP: 2/2
   397 | D:1      | Reached XP level 3. HP: 23/23 MP: 3/3
  1599 | D:2      | Found a faded altar of an unknown god.
  1783 | D:2      | Reached XP level 4. HP: 28/28 MP: 4/4
  2142 | D:3      | Noticed a scorpion
  2150 | D:3      | Killed a scorpion
  2151 | D:3      | Reached XP level 5. HP: 27/33 MP: 5/5
  2890 | D:4      | Found a large runed translucent door.
  2891 | D:4      | Found a large runed translucent door.
  3013 | D:4      | Found Ofuli's Jewellery Boutique.
  3055 | D:4      | Found Dakiucaeps's General Store.
  3055 | D:4      | Found Husobaos's Magic Scroll Shop.
  3396 | D:4      | Noticed Eustachio
  3444 | D:4      | Killed Eustachio
  3445 | D:4      | Reached XP level 6. HP: 6/38 MP: 6/6
  3707 | D:4      | Upgraded the game from 0.28-a0-750-g7c675f85b1 to
                  | 0.28-a0-751-gef3a642a4e
  3720 | D:4      | Found Utyocs's Magic Scroll Shoppe.
  3813 | D:4      | Found Mexziff's Antique Armour Boutique.
  4303 | D:5      | Entered Level 5 of the Dungeon
  4348 | D:5      | Reached skill level 5 in Armour
  4349 | D:5      | Found a staircase to the Ecumenical Temple.
  4375 | D:5      | Found a glowing drain.
  4404 | D:5      | Reached XP level 7. HP: 20/44 MP: 7/7
  4409 | Sewer    | Entered a sewer
  4815 | Sewer    | Reached skill level 5 in Axes
  5936 | D:5      | Found a runed translucent door.
  5937 | D:5      | Noticed Crazy Yiuf
  6039 | D:5      | Reached XP level 8. HP: 46/48 MP: 8/8
  6521 | D:5      | Killed Crazy Yiuf
  6630 | Temple   | Entered the Ecumenical Temple
  6750 | Temple   | Became a worshipper of Warmaster Okawaru
  6916 | D:4      | Found a sparkling altar of Nemelex Xobeh.
  6942 | D:4      | Reached skill level 5 in Fighting
  7211 | D:4      | Found a snail-covered altar of Cheibriados.
  7413 | D:5      | Reached skill level 1 in Evocations
  7442 | D:5      | Reached skill level 1 in Invocations
  7882 | D:6      | Reached * piety under Okawaru
  8179 | D:6      | Found a sacrificial altar of Ru.
  8282 | D:7      | Found a flagged portal.
  8294 | Bailey   | Entered a bailey
  8865 | Bailey   | Reached XP level 9. HP: 39/54 MP: 10/10
  9255 | Bailey   | HP: 1/54 [something (5)]
  9744 | D:7      | Reached skill level 10 in Axes
  9744 | D:7      | Reached skill level 10 in Shields
  9744 | D:7      | Reached XP level 10. HP: 60/60 MP: 12/12
  9935 | D:7      | Noticed Prince Ribbit
  9950 | D:7      | Reached ** piety under Okawaru
  9959 | D:7      | Killed Prince Ribbit
 11893 | D:8      | Reached *** piety under Okawaru
 12182 | D:8      | Found a staircase to the Lair.
 12468 | D:8      | Noticed a purple ugly thing
 12488 | D:8      | Killed a purple ugly thing
 12489 | D:8      | Reached XP level 11. HP: 50/64 MP: 14/14
 12988 | D:8      | Found Defonav's Antique Weapon Shoppe.
 13436 | D:9      | Gained mutation: Your flesh is heat resistant. (rF+)
                  | [potion of mutation]
 13436 | D:9      | Gained mutation: You tend to lose your temper in combat.
                  | [potion of mutation]
 13436 | D:9      | Gained mutation: You are covered in fur. (AC +1) [potion of
                  | mutation]
 13500 | D:9      | Reached **** piety under Okawaru
 13745 | D:9      | Noticed a two-headed ogre
 13752 | D:9      | Killed a two-headed ogre
 14549 | D:9      | Reached skill level 5 in Invocations
 14872 | D:10     | Entered Level 10 of the Dungeon
 15258 | D:10     | Noticed a skeletal warrior
 15259 | D:10     | Noticed a skeletal warrior
 15259 | D:10     | Noticed a skeletal warrior
 15260 | D:10     | Noticed a skeletal warrior
 15260 | D:10     | Noticed a skeletal warrior
 15665 | D:9      | Killed a skeletal warrior
 16146 | D:9      | Killed a skeletal warrior
 16146 | D:9      | Reached ***** piety under Okawaru
 16152 | D:9      | Killed a skeletal warrior
 16335 | D:9      | Slain by a skeletal warrior

Illustrated notes

Levels and vault maps discovered:
D:1:      wander_arrival_estate, layout_basic, serial_park_tiny_pond,
          minmay_split_cup_small
D:2:      layout_loops_ring, hellmonk_ecumenical_altar_blasted
D:3:      layout_loops_cross, corexii_leaking_fountain, lexackson_kobold_supper
D:4:      layout_cave_pods, jmf_multi_god_temple2, serial_shops,
          nicolae_shop_behind_doors, shop_statue, shop, nicolae_shop_waterfront,
          nicolae_shop_statue_plus, minmay_statues_item, uniq_eustachio
D:5:      layout_basic, minmay_temple_entry_statues_pillars,
          portal_sewer_entry_b, lemuel_old_faithful, uniq_crazy_yiuf_cottage
D:6:      layout_loops_ring, lemuel_coloured_pillars_altar
D:7:      layout_rooms, enter_bailey_3, uniq_prince_ribbit1
D:8:      layout_basic, minmay_lair_entry_grove, serial_shops, shop
D:9:      layout_loops_ring, dk_noncrumbling_2, serial_bayou_crossing
D:10:     layout_irregular_city, nzn_hepliaklqana_mist_gate
Temple:   dpeg_five_rooms_temple

Skill      XL: |  1  2  3  4  5  6  7  8  9 10 11 |
---------------+----------------------------------+-----
Axes           | 2 3 4 5 7 10 11 | 11.9
Armour         | 4 5 6 7 |  7.9
Fighting       | 4 5 6 7 |  7.0
Shields        | 4 10 11 | 11.0
Evocations     | 2 3 4 |  4.5
Invocations    | 2 4 5 |  5.5

Action                   |  1- 3 |  4- 6 |  7- 9 | 10-12 || total
-------------------------+-------+-------+-------+-------++-------
Melee: War axe           |   102 |   159 |   338 |   586 ||  1185
Invok: Heroism           |       |       |       |     1 ||     1
  Use: Scroll            |     3 |    10 |     3 |     2 ||    18
       Potion            |       |       |     4 |     6 ||    10
Armor: Scale mail        |    66 |    43 |       |       ||   109
       Chain mail        |       |   108 |   234 |   220 ||   562
       Plate armour      |       |       |       |   184 ||   184
Dodge: Dodged            |    57 |    76 |   131 |   189 ||   453
Block: Buckler           |    35 |    42 |    78 |   218 ||   373
       Reflection        |       |       |       |     3 ||     3

Table legend: (Time is in decaauts)
 A = Elapsed time spent in this place.
 B = Non-inter-level travel time spent in this place.
 C = Inter-level travel time spent in this place.
 D = Time resting spent in this place.
 E = Time spent auto-exploring this place.
 F = Levels seen in this place.
 G = Mean time per level.
                   A        B        C        D        E       F      G
               +--------+--------+--------+--------+--------+-----+--------+
         Total |  16613 |  16302 |    311 |   5708 |   7175 |  13 | 1277.9 |
       Dungeon |  13834 |  13607 |    227 |   4450 |   6487 |  10 | 1383.4 |
        Temple |    208 |    124 |     84 |      0 |    110 |   1 |  208.0 |
         Sewer |   1157 |   1157 |      0 |    338 |    412 |   1 | 1157.0 |
        Bailey |   1412 |   1412 |      0 |    920 |    165 |   1 | 1412.0 |
               +--------+--------+--------+--------+--------+-----+--------+

Top non-repeatable levels by time:
     D:7: 2130 daAuts
     D:9: 2101 daAuts
     D:4: 1864 daAuts
     D:8: 1659 daAuts
     D:5: 1542 daAuts
  Bailey: 1412 daAuts
     D:1: 1234 daAuts
   Sewer: 1157 daAuts
     D:2: 894 daAuts
     D:6: 826 daAuts
    D:10: 792 daAuts
     D:3: 787 daAuts
  Temple: 208 daAuts
